 Dungeon Crawl Stone Soup version 0.20.1-1-g8b1a95d (webtiles) character file.

4664 asishallab the Cleaver (level 10, -3/70 HPs)
             Began as a Formicid Fighter on Dec 8, 2017.
             Was a Believer of Cheibriados.
             Slain by a two-headed ogre
             ... wielding a +0 giant spiked club
              (17 damage)
             ... on level 8 of the Dungeon.
             The game lasted 00:28:21 (7725 turns).

asishallab the Cleaver (Formicid Fighter)           Turns: 7725, Time: 00:28:22

Health: -3/70      AC: 14    Str: 35    XL:     10   Next: 71%
Magic:  13/13      EV: 13    Int:  9    God:    Cheibriados [**....]
Gold:   470        SH: 12    Dex: 17    Spells: 9/9 levels left

rFire    + . .     SeeInvis +   L - +1 war axe (drain)
rCold    . . .     Gourm    .   n - +0 shield
rNeg     . . .     Faith    .   k - +0 chain mail
rPois    .         Spirit   .   (helmet unavailable)
rElec    .         Reflect  .   o - scarf of Folij {rF+ Str+4}
rCorr    .         Harm     .   (no gloves)
MR       +....                  t - +0 pair of boots
Stlth    ..........             (no amulet)
Regen    0.3/turn               D - +5 ring of evasion
MPRegen  0.2/turn               q - +4 ring of protection

@: mighty, very slow
A: permanent stasis, dig shafts and tunnels, four strong arms, antennae 3, dopey
1, mutation resistance 1, wild magic 1
a: Dig, Shaft Self, Bend Time, Renounce Religion


You were on level 8 of the Dungeon.
You worshipped Cheibriados.
Cheibriados was pleased with you.
You were near starving.

You visited 2 branches of the dungeon, and saw 9 of its levels.
You also visited: Ossuary.

You collected 470 gold pieces.

Inventory:

Hand Weapons
 G - a +5 hand axe
 L - a +1 war axe of draining (weapon)
 M - a +0 mace of crushing
 N - a +0 hand axe of venom
Missiles
 h - 426 stones (quivered)
Armour
 k - a +0 chain mail (worn)
 n - a +0 shield (worn)
 o - the scarf of Folij (worn) {rF+ Str+4}
   (You acquired it in an ossuary)

   It affects your strength (+4).
   It protects you from fire.
 r - a +0 cloak
 t - a +0 pair of boots (worn)
Jewellery
 j - an uncursed ring of magical power
 q - a +4 ring of protection (right hand)
 D - a +5 ring of evasion (left hand)
 K - an uncursed ring of wizardry
Wands
 m - a wand of lightning (0/15)
 x - a wand of confusion (29/48)
 H - a wand of enslavement (9/24)
Scrolls
 e - 6 scrolls of remove curse
 l - a scroll of fear
 s - a scroll of enchant armour
 u - 2 scrolls of fog
 v - 2 scrolls of immolation
 w - 2 scrolls of magic mapping
 y - 2 scrolls of enchant weapon
 R - a scroll of identify
Potions
 c - a potion of magic
 g - a potion of brilliance
 i - 12 potions of curing {i}
 A - a potion of lignification
 B - a potion of invisibility
 E - 2 potions of flight {unknown}
 F - a potion of agility
 I - a potion of haste {unknown}
Miscellaneous
 O - a box of beasts
 P - a lamp of fire
 Q - a fan of gales
Comestibles
 a - 2 fruits
 b - 2 meat rations
 f - 6 bread rations
 p - a royal jelly
 J - 3 chunks of flesh


   Skills:
 - Level 3.2 Fighting
 + Level 13.5 Axes
 - Level 3.2 Armour
 + Level 6.0 Shields
 + Level 4.2 Invocations


You had 9 spell levels left.
You didn't know any spells.

Dungeon Overview and Level Annotations

Branches:
Dungeon (8/15)             Temple (1/1) D:5
   Lair: D:8-11

Altars:
Ashenzari
Cheibriados
Dithmenos
Elyvilon
Gozag
Hepliaklqana
Kikubaaqudgha
Makhleb
Nemelex Xobeh
Okawaru
Qazlal
Ru
Sif Muna
Trog
Uskayaw
Xom
Yredelemnul
Zin
The Shining One


Innate Abilities, Weirdness & Mutations

You cannot be hasted, slowed, berserked, paralysed or teleported.
You can dig through walls and to a lower floor.
Your four strong arms can wield two-handed weapons with a shield.
You have a pair of large antennae on your head. (SInv)
You are dopey. (Int -2)
You are somewhat resistant to further mutation.
Your spells are a little harder to cast, but a little more powerful.


Message History

* * * LOW HITPOINT WARNING * * *
You feel somewhat more hungry.
You slash the hungry ghost!
The hungry ghost is almost destroyed.
You block the hungry ghost's attack.
You closely miss the hungry ghost.
The hungry ghost is almost destroyed.
You slice the hungry ghost!!
You destroy the hungry ghost!
Cheibriados appreciates the change of pace.
Your Shields skill increases to level 6!
You slash the two-headed ogre!
The two-headed ogre is heavily wounded.
The two-headed ogre misses you. You block the two-headed ogre's attack.
You hit the two-headed ogre but do no damage.
The two-headed ogre is heavily wounded.
The two-headed ogre hits you with a giant spiked club!
* * * LOW HITPOINT WARNING * * *
The two-headed ogre hits you with a giant club!
You die...

.....#####)..##.....##
................###.#
.............######.#
...............##...#
.......#####...##.###
......## #.#..#.###
......# #.#......#
......## #.>#..##.#
.......# ##...@####
...##..# #...#O#
...##....
#.#.#........ ####
#....#... ......... #
## #...#.............
# .. ....#.......( #.#
.....#........ (.#
.##.......... ###. #.
# .........


You could see a two-headed ogre.

Vanquished Creatures
  A two-headed ogre (shapeshifter) (D:7)
  Pikel (D:4)
  A hippogriff (D:7)
  Sigmund (D:6)
  A shadow (D:7)
  A hungry ghost (D:8)
  The ghost of Frank the Shield-Bearer, an amateur OpFi (D:4)
  Menkaure (D:4)
  An orc warrior (D:7)
  2 sky beasts
  A phantom (D:6)
  4 centaurs
  2 ogres
  4 bullfrogs
  A wyvern zombie (D:6)
  3 scorpions
  4 killer bees (D:8)
  4 howler monkeys
  4 crimson imps
  A human zombie (Ossuary)
  A jelly (D:8)
  2 hounds
  7 orc wizards
  An orc priest (D:8)
  A bullfrog skeleton (D:4)
  Jessica (D:3)
  An iguana (D:7)
  5 worker ants
  A killer bee zombie (D:5)
  A big kobold zombie (Ossuary)
  2 hound zombies (D:7)
  A hound skeleton (D:5)
  4 mummies (Ossuary)
  Robin (D:3)
  A howler monkey skeleton (D:3)
  16 adders
  A shadow imp (D:3)
  An ooze (D:2)
  2 adder skeletons
  An adder zombie (D:3)
  3 worms (D:2)
  2 dart slugs (D:1)
  2 leopard geckos (D:5)
  9 orcs
  8 ball pythons
  9 bats
  8 giant cockroaches
  A gnoll zombie (Ossuary)
  12 goblins
  10 hobgoblins
  4 jackals (D:1)
  4 quokkas
  6 frilled lizards
  A hobgoblin zombie (Ossuary)
  A jackal skeleton (D:5)
  6 kobolds
  3 kobold zombies (Ossuary)
  A leopard gecko skeleton (D:4)
  A leopard gecko zombie (D:3)
  An orc zombie (Ossuary)
  7 rats
189 creatures vanquished.

Vanquished Creatures (others)
  4 gnolls (D:4)
  2 orcs (D:4)
6 creatures vanquished.

Grand Total: 195 creatures vanquished

Notes
Turn   | Place    | Note
-------+----------+-------------------------------------------
     0 | D:1      | asishallab the Formicid Fighter began the quest for the Orb.
     0 | D:1      | Reached XP level 1. HP: 18/18 MP: 1/1
    48 | D:1      | Reached XP level 2. HP: 23/24 MP: 2/2
   216 | D:1      | Reached skill level 3 in Axes
   345 | D:1      | Reached XP level 3. HP: 28/29 MP: 3/3
  1151 | D:2      | Reached skill level 4 in Axes
  1151 | D:2      | Reached XP level 4. HP: 35/35 MP: 4/4
  1429 | D:2      | Found a sacrificial altar of Ru.
  1958 | D:3      | Reached XP level 5. HP: 40/41 MP: 5/5
  1992 | D:3      | Reached skill level 5 in Axes
  2183 | D:3      | Gained mutation: Your magical capacity is low. (-10% MP) [potion of mutation]
  2183 | D:3      | Gained mutation: Your body sometimes deteriorates upon taking damage. [potion of mutation]
  2183 | D:3      | Gained mutation: Your mind is acute. (Int +2) [potion of mutation]
  2183 | D:3      | Gained mutation: Your movements are slightly less encumbered by armour. (ER -2) [potion of mutation]
  2405 | D:3      | Noticed Jessica
  2414 | D:3      | Killed Jessica
  2673 | D:3      | Noticed Robin
  2750 | D:3      | Killed Robin
  2750 | D:3      | Reached XP level 6. HP: 27/47 MP: 5/5
  2926 | D:4      | Reached skill level 6 in Axes
  3045 | D:4      | Found a sand-covered staircase.
  3054 | Ossuary  | Entered an ossuary
  3233 | Ossuary  | Lost mutation: Your body sometimes deteriorates upon taking damage. [potion of mutation]
  3233 | Ossuary  | Lost mutation: Your mind is acute. (Int +2) [potion of mutation]
  3233 | Ossuary  | Lost mutation: Your magical capacity is low. (-10% MP) [potion of mutation]
  3233 | Ossuary  | Lost mutation: Your movements are slightly less encumbered by armour. (ER -2) [potion of mutation]
  3233 | Ossuary  | Gained mutation: You are partially covered in molten scales. (AC +2) [potion of mutation]
  3233 | Ossuary  | Gained mutation: You are dopey. (Int -2) [potion of mutation]
  3233 | Ossuary  | Gained mutation: You have sharp toenails. [potion of mutation]
  3308 | Ossuary  | Reached XP level 7. HP: 37/52 MP: 7/7
  3315 | Ossuary  | Reached skill level 7 in Axes
  3321 | Ossuary  | Lost mutation: You are partially covered in molten scales. (AC +2) [potion of mutation]
  3321 | Ossuary  | Lost mutation: You have sharp toenails. [potion of mutation]
  3321 | Ossuary  | Gained mutation: Your spells are a little harder to cast, but a little more powerful. [potion of mutation]
  3321 | Ossuary  | Gained mutation: You are somewhat resistant to further mutation. [potion of mutation]
  3586 | Ossuary  | Identified a scroll of acquirement
  3588 | Ossuary  | Got a distressingly furry scarf
  3599 | Ossuary  | Identified the scarf of Folij {rF+ Str+4} (You acquired it in an ossuary)
  3678 | D:4      | Noticed Pikel
  3697 | D:4      | Killed Pikel
  3697 | D:4      | Reached skill level 9 in Axes
  3697 | D:4      | Reached XP level 8. HP: 40/58 MP: 8/8
  3955 | D:4      | Noticed Frank's ghost (amateur OpFi)
  3965 | D:4      | Killed Frank's ghost
  4481 | D:5      | Entered Level 5 of the Dungeon
  4486 | D:5      | Reached skill level 10 in Axes
  4520 | D:5      | Noticed Menkaure
  4536 | D:4      | Killed Menkaure
  4536 | D:4      | Reached XP level 9. HP: 18/64 MP: 9/9
  5249 | D:5      | Reached skill level 11 in Axes
  5388 | D:5      | Found a staircase to the Ecumenical Temple.
  5412 | Temple   | Entered the Ecumenical Temple
  5479 | Temple   | Became a worshipper of Cheibriados the Contemplative
  5832 | D:6      | Noticed Sigmund
  5852 | D:6      | Killed Sigmund
  5911 | D:6      | Reached skill level 12 in Axes
  6273 | D:7      | Found an ancient bone altar of Kikubaaqudgha.
  6482 | D:7      | Found a burning altar of Makhleb.
  6561 | D:7      | Noticed a two-headed ogre
  6563 | D:7      | Reached * piety under Cheibriados
  6571 | D:7      | Killed a two-headed ogre
  6571 | D:7      | Reached skill level 13 in Axes
  6571 | D:7      | Reached XP level 10. HP: 64/70 MP: 10/10
  6581 | D:7      | Reached skill level 1 in Invocations
  6596 | D:7      | Got a spiked scale mail
  6798 | D:7      | Reached skill level 5 in Shields
  7105 | D:7      | Identified the cursed +1 scale mail of Pathos {rElec MR+ rCorr Str-4} (You found it on level 7 of the Dungeon)
  7420 | D:8      | Reached ** piety under Cheibriados
  7708 | D:8      | Noticed a two-headed ogre
  7725 | D:8      | Slain by a two-headed ogre

Skill      XL: |  1  2  3  4  5  6  7  8  9 10 |
---------------+-------------------------------+-----
Axes           | 3 4 5 6 9 10 13 | 13.5
Invocations    | 4 |  4.2
Shields        | 6 |  6.0
Fighting       | |  3.2
Armour         | |  3.2

Action                   |  1- 3 |  4- 6 |  7- 9 | 10-12 || total
-------------------------+-------+-------+-------+-------++-------
Melee: War axe           |    72 |   318 |   109 |   117 ||   616
       Hand axe          |       |       |   139 |     6 ||   145
Throw: Stone             |     3 |       |    12 |       ||    15
 Abil: Dig               |       |     1 |     1 |     1 ||     3
Evoke: Wand              |       |       |     3 |       ||     3
  Use: Scroll            |       |     7 |    10 |     3 ||    20
       Potion            |       |     4 |     7 |     2 ||    13
  Eat: Chunk             |       |     8 |     7 |     2 ||    17
       Meat ration       |       |       |     1 |       ||     1
Armor: Scale mail        |    26 |       |       |       ||    26
       Chain mail        |    17 |   161 |    76 |    39 ||   293
Dodge: Dodged            |    22 |    67 |    64 |    37 ||   190
Block: Shield            |    36 |   167 |   109 |    49 ||   361
